 Dungeon Crawl Stone Soup version 0.19.1 (webtiles) character file.

465 Iskender the Covert (level 7, -2/46 HPs)
             Began as an Octopode Chaos Knight on Dec 22, 2016.
             Killed by nerve-wracking pain
             ... invoked by Grinder
              (11 damage)
             ... on level 4 of the Dungeon.
             The game lasted 00:17:23 (3548 turns).

Iskender the Covert (Octopode Chaos Knight)         Turns: 3548, Time: 00:17:23

Health: -2/46      AC:  1    Str: 11    XL:     7   Next: 8%
Magic:  7/7        EV: 14    Int: 15    God:    Xom [..*...]
Gold:   273        SH:  0    Dex: 13    Spells: 0 memorised, 6 levels left

rFire  . . .     SeeInvis .     a - +0 spear
rCold  . . .     Gourm    .     (no shield)
rNeg   . . .     Faith    .     (helmet restricted)
rPois  .         Spirit   .     (no amulet)
rElec  .         Reflect  .     (no ring)
rCorr  .         Harm     .     (no ring)
MR     .....                    (no ring)
Stlth  +++++.....               (no ring)
                                (no ring)
                                (no ring)
                                (no ring)
                                (no ring)

@: no status effects
A: almost no armour, stealthy swim, amphibious, 8 rings, constrict 8, camouflage
1, gelatinous body 1
a: Renounce Religion


You were on level 4 of the Dungeon.
You worshipped Xom.
You were a toy of Xom.
You were not hungry.

You visited 2 branches of the dungeon, and saw 5 of its levels.

You collected 273 gold pieces.

Inventory:

Hand Weapons
 a - a +0 spear (weapon)
 b - a +0 hunting sling
 r - a +0 spear of chaos
 H - a +0 dagger of venom
 I - a +3 hunting sling
Missiles
 c - 31 sling bullets
 d - 187 stones
 m - 49 bolts
 n - 3 needles of confusion
 w - 8 curare-tipped needles
 E - 5 tomahawks (quivered)
Wands
 v - a wand of polymorph (8/24)
 F - a wand of flame (20/48)
Scrolls
 i - a scroll of remove curse {unknown}
 j - 4 scrolls of fear
 l - a scroll of noise {unknown}
 p - 3 scrolls of enchant weapon
 s - a scroll of random uselessness {unknown}
 x - 2 scrolls of magic mapping {unknown}
 y - a scroll of recharging {unknown}
 G - 2 scrolls of teleportation {unknown}
Potions
 e - a potion of invisibility {unknown}
 f - a potion of degeneration {unknown}
 o - 2 potions of magic {unknown}
 q - a potion of cancellation {unknown}
 t - a potion of brilliance {unknown}
 u - a potion of beneficial mutation {unknown}
 z - a potion of heal wounds {unknown}
 A - a potion of might {unknown}
 B - a potion of agility {unknown}
 C - a potion of curing
Comestibles
 g - 2 meat rations
 h - a slice of pizza
 k - a beef jerky
 J - 4 bread rations


   Skills:
 - Level 3.0 Fighting
 - Level 3.0 Polearms
 + Level 2.3 Slings
 - Level 2.8 Dodging
 - Level 9.0 Stealth


You had 6 spell levels left.
You didn't know any spells.

Dungeon Overview and Level Annotations

Branches:
Dungeon (4/15)             Temple (1/1) D:4

Altars:
Dithmenos
Elyvilon
Fedhas
Kikubaaqudgha
Makhleb
Nemelex Xobeh
Qazlal
Ru
Sif Muna
Uskayaw
Vehumet
Zin
The Shining One

Annotations:
D:4 Grinder


Innate Abilities, Weirdness & Mutations

You cannot wear most types of armour.
You are very stealthy in the water. (Stealth+)
You are amphibious.
You can wear up to eight rings at the same time.
You can use your tentacles to constrict eight enemies at once.
Your skin changes colour to match your surroundings (Stealth+).
Your rubbery body absorbs attacks. (AC +1, EV +1)


Message History

You feel better.
You constrict Grinder. Grinder hits you.
* * * LOW HITPOINT WARNING * * *
You writhe in agony.
* * * LOW HITPOINT WARNING * * *
You hit Grinder.
Grinder is heavily wounded.
You constrict Grinder. Grinder gestures at you.
You suddenly lose the ability to move!
You lose your grip on Grinder.
Grinder drinks a potion.
Grinder is healed!
You can move again.
You hit Grinder. Your grab misses Grinder.
Grinder is heavily wounded.
Grinder zaps a wand.
Grinder is healed somewhat.
It is a wand of heal wounds.
You closely miss Grinder. Your grab misses Grinder.
Grinder is moderately wounded.
Grinder gestures at you. Pain shoots through your body!
You die...
Xom giggles madly!

##.....##)# ###.......#.#
#....._.....# #########
##########.#.......#.####........
.##........##.....##......#..####
.......###.###...##......###.#
#.#.#.## ##.###.###..###..#..#
#..#..# #......##..# ##...##
..###.## ##.####@##..# ##### .##
##.###.....5.....#
#.###.#...######.##.##
...#.###.## #.##.# .#.......#
#.##.# ..<.###### #.##.# ..#.#
#.##.##### ###### .##.#
#........####>...< .##.#
####.###..........


You could see Grinder.

Vanquished Creatures
  Sigmund (D:2)
  An orc priest (D:2)
  Terence (D:2)
  An iguana (D:4)
  A worker ant (D:4)
  4 gnolls (D:2)
  8 adders
  2 worms (D:2)
  A dart slug (D:3)
  A leopard gecko (D:3)
  12 orcs
  8 giant cockroaches
  4 hobgoblins
  5 jackals
  6 kobolds
  2 quokkas (D:2)
  5 bats
  3 frilled lizards
  8 goblins
  A quokka skeleton (D:4)
  10 rats
85 creatures vanquished.

Vanquished Creatures (others)
  A hobgoblin (D:1)
1 creature vanquished.

Grand Total: 86 creatures vanquished

Notes
Turn   | Place    | Note
-------+----------+-------------------------------------------
     0 | D:1      | Iskender the Octopode Chaos Knight began the quest for the Orb.
     0 | D:1      | Reached XP level 1. HP: 16/16 MP: 1/1
    13 | D:1      | XOM: divination: magic mapping
    55 | D:1      | XOM: silly message
    81 | D:1      | Reached skill level 1 in Stealth
   214 | D:1      | Reached skill level 2 in Stealth
   292 | D:1      | Reached XP level 2. HP: 21/21 MP: 2/2
   367 | D:1      | Reached skill level 3 in Stealth
   565 | D:1      | XOM: divination: detect creatures
   640 | D:2      | Found a blossoming altar of Fedhas.
   710 | D:2      | XOM: harmless Chrm miscast
   736 | D:2      | Reached skill level 4 in Stealth
   736 | D:2      | Reached XP level 3. HP: 15/26 MP: 3/3
  1029 | D:2      | Found a shadowy altar of Dithmenos.
  1043 | D:2      | XOM: potion effect (curing)
  1047 | D:2      | Reached skill level 5 in Stealth
  1049 | D:2      | XOM: harmless Necr miscast
  1094 | D:2      | Noticed Terence
  1100 | D:2      | XOM: potion effect (might)
  1103 | D:2      | Killed Terence
  1103 | D:2      | Reached XP level 4. HP: 31/31 MP: 4/4
  1379 | D:2      | XOM: potion effect (might)
  1380 | D:2      | XOM: harmless Conj miscast
  1381 | D:2      | Reached skill level 6 in Stealth
  1397 | D:2      | XOM: harmless Tmut miscast
  1401 | D:2      | Reached XP level 5. HP: 35/36 MP: 5/5
  1616 | D:2      | Noticed Sigmund
  1646 | D:2      | XOM: potion effect (agility)
  1648 | D:2      | XOM: cast spell 'Summon Butterflies'
  1652 | D:2      | Killed Sigmund
  1652 | D:2      | Reached skill level 8 in Stealth
  1652 | D:2      | Reached XP level 6. HP: 32/42 MP: 6/6
  1813 | D:2      | Reached skill level 9 in Stealth
  2022 | D:2      | XOM: harmless Chrm miscast
  2218 | D:3      | XOM: divination: magic mapping
  2421 | D:3      | XOM: harmless Chrm miscast
  2509 | D:3      | XOM: god gift: 5 tomahawks
  2579 | D:3      | Reached skill level 1 in Slings
  2765 | D:4      | Noticed Grinder
  2917 | D:4      | Found a staircase to the Ecumenical Temple.
  2921 | Temple   | Entered the Ecumenical Temple
  3031 | D:4      | Found a stormy altar of Qazlal.
  3117 | D:4      | Reached XP level 7. HP: 38/46 MP: 7/7
  3170 | D:4      | Found a sacrificial altar of Ru.
  3390 | D:4      | XOM: harmless Conj miscast
  3452 | D:4      | XOM: harmless Summ miscast
  3540 | D:4      | XOM: divination: detect items
  3545 | D:4      | Paralysed by Grinder for 2 turns
  3548 | D:4      | Killed from afar by Grinder

Skill      XL: |  1  2  3  4  5  6 |
---------------+-------------------+-----
Stealth        | 2 4 5 6 8 9 |  9.0
Slings         | 2 |  2.3
Fighting       | |  3.0
Polearms       | |  3.0
Dodging        | |  2.8

Action                   |  1- 3 |  4- 6 |  7- 9 || total
-------------------------+-------+-------+-------++-------
Melee: Spear             |    60 |   134 |    21 ||   215
       Constrict         |    15 |    26 |     3 ||    44
       Tentacles         |    11 |    22 |     2 ||    35
 Fire: Hunting sling     |       |    18 |    11 ||    29
Throw: Stone             |    23 |    28 |       ||    51
  Use: Scroll            |     1 |     1 |       ||     2
       Potion            |       |     1 |     1 ||     2
 Stab: Sleeping          |     3 |     8 |     1 ||    12
  Eat: Chunk             |     1 |     6 |     1 ||     8
Armor: Skin              |     1 |     5 |     1 ||     7
Dodge: Dodged            |    16 |    72 |     6 ||    94
